 Dungeon Crawl Stone Soup version 0.25-a0-294-gea9b1ad378 (webtiles) character file.

Game seed: 12946220243007865496, levelgen mode: classic

6902 Borgoz the Carver (level 11, -8/60 HPs)
             Began as a Gargoyle Berserker on Dec 17, 2019.
             Was a High Priest of Trog.
             Mangled by an eight-headed hydra (9 damage)
             ... on level 11 of the Dungeon.
             The game lasted 00:12:25 (9655 turns).

Borgoz the Carver (Gargoyle Berserker)              Turns: 9655, Time: 00:12:25

Health: -8/60      AC: 17    Str: 23    XL:     11   Next: 6%
Magic:  3/3        EV: 14    Int:  9    God:    Trog [*****.]
Gold:   561        SH:  0    Dex: 12    Spells: 10/10 levels left

rFire    . . .     SeeInvis .   E - +4 double sword (antimagic)
rCold    + . .     Gourm    .   (no shield)
rNeg     + . .     Faith    +   s - +0 ring mail
rPois    ∞         Spirit   .   (no helmet)
rElec    +         Reflect  .   l - +1 cloak
rCorr    .         Harm     .   (no gloves)
MR       .....                  (no boots)
Stlth    +.........             d - amulet of faith
HPRegen  0.20/turn              C - +3 ring of strength
MPRegen  0.08/turn              u - ring of protection from cold

@: no status effects
A: negative energy resistance 1, electricity resistance, unbreathing,
petrification resistance, rot immunity, AC +8
a: Berserk, Trog's Hand, Brothers in Arms, Renounce Religion


You were on level 11 of the Dungeon.
You worshipped Trog.
Trog was extremely pleased with you.
You were not hungry.

You visited 1 branch of the dungeon, and saw 11 of its levels.

You collected 561 gold pieces.

Inventory:

Hand Weapons
 D - a +4 great sword of slicing
 E - a +4 antimagic double sword (weapon)
Armour
 l - a +1 cloak (worn)
 s - a +0 ring mail (worn)
Jewellery
 d - an amulet of faith (around neck)
 h - an uncursed ring of positive energy
 u - a ring of protection from cold (right hand)
 C - a +3 ring of strength (left hand)
 G - a cursed ring of attention {unknown}
Wands
 a - a wand of flame (18)
 b - a wand of acid (5)
Scrolls
 f - 5 scrolls of fog
 k - 2 scrolls of noise {unknown}
 m - 5 scrolls of remove curse
 t - 4 scrolls of teleportation
 v - a scroll of enchant weapon {unknown}
 w - a scroll of amnesia {unknown}
 y - a scroll of fear {unknown}
 z - 2 scrolls of enchant armour {unknown}
 A - a scroll of blinking {unknown}
 B - a scroll of immolation {unknown}
Potions
 e - 2 potions of might
 g - 2 potions of curing
 i - 2 potions of cancellation {unknown}
 j - a potion of haste {unknown}
 n - 3 potions of heal wounds
 o - 2 potions of brilliance {unknown}
 p - a potion of lignification
 q - a potion of mutation
 x - 2 potions of agility {unknown}
Comestibles
 c - 22 rations
 F - a chunk of flesh


   Skills:
 - Level 3.2 Fighting
 * Level 11.0 Long Blades
 + Level 9.4 Armour
 + Level 7.1 Dodging


You had 10 spell levels left.
You didn't know any spells.
Your spell library was empty.

Dungeon Overview and Level Annotations

Branches:
Dungeon (11/15)            Temple (0/1) D:7            Lair (0/6) D:11
    Orc: D:9-12

Altars:
Ashenzari
Dithmenos
Fedhas
Hepliaklqana
Kikubaaqudgha
Makhleb
Ru
Trog
Wu Jian
Yredelemnul
Zin
The Shining One


Innate Abilities, Weirdness & Mutations

You are resistant to torment.
Your stone body is resilient. (AC +8)
You are immune to poison.
You resist negative energy. (rN+)
You are resistant to electric shocks. (rElec)
You can survive without breathing.
You are immune to petrification.
You are immune to rotting.


Message History

The eight-headed hydra bites you but does no damage.
The eight-headed hydra closely misses you.
The eight-headed hydra bites you. The eight-headed hydra bites you!
* * * LOW HITPOINT WARNING * * *
The eight-headed hydra closely misses you.
The eight-headed hydra misses you. The eight-headed hydra bites you.
* * * LOW HITPOINT WARNING * * *
The eight-headed hydra bites you.
* * * LOW HITPOINT WARNING * * *
You barely miss the eight-headed hydra.
The eight-headed hydra is almost dead.
The eight-headed hydra closely misses you.
You riposte.
You barely miss the eight-headed hydra.
The eight-headed hydra is almost dead.
The eight-headed hydra barely misses you.
The eight-headed hydra bites you!
* * * LOW HITPOINT WARNING * * *
The eight-headed hydra bites you but does no damage.
The eight-headed hydra bites you!
You die...

........# ........#
........# ........#
........# ........#
........############
.......D@...........
....................
############.............
#.............
#.............
#.............
#.............
#.............
.............


You could see an eight-headed hydra.

Vanquished Creatures
  An unseen horror (D:11)
  Maurice (D:9)
  2 trolls (D:10)
  2 hippogriffs
  A spriggan (D:7)
  5 yaks (D:9)
  Grum (D:10)
  3 wargs (D:11)
  2 orc warriors (D:9)
  A sky beast (D:8)
  4 eyes of draining
  2 ogres
  3 centaurs
  4 wolves (D:10)
  4 bullfrogs
  5 killer bees (D:11)
  2 scorpions
  5 wights (D:8)
  6 howler monkeys
  2 bullfrog zombies
  A crimson imp (D:7)
  6 hounds
  A quasit (D:7)
  3 jellies
  9 orc priests
  Crazy Yiuf (D:5)
  A bullfrog skeleton (D:8)
  2 centaur skeletons
  9 orc wizards
  4 iguanas
  3 worker ants
  4 hound skeletons
  A worker ant zombie (D:9)
  9 adders
  4 shadow imps
  2 oozes
  A worm (D:2)
  2 dart slugs
  2 leopard geckos (D:4)
  38 orcs
  A ball python (D:3)
  2 giant cockroaches
  2 gnoll zombies (D:9)
  7 goblins
  11 hobgoblins
  2 jackals (D:6)
  7 kobolds
  9 quokkas
  7 bats
  2 frilled lizards (D:3)
  3 rats
212 creatures vanquished.

Notes
Turn   | Place    | Note
-------+----------+-------------------------------------------
     0 | D:1      | Borgoz the Gargoyle Berserker began the quest for the Orb.
     0 | D:1      | Reached XP level 1. HP: 14/14 MP: 1/1
   604 | D:1      | Reached XP level 2. HP: 19/19 MP: 2/2
   639 | D:1      | Reached skill level 3 in Long Blades
   957 | D:2      | Reached XP level 3. HP: 15/23 MP: 3/3
  1609 | D:2      | Reached ** piety under Trog
  1665 | D:2      | Reached XP level 4. HP: 28/28 MP: 4/4
  1979 | D:3      | Found an ornate altar of the Wu Jian Council.
  2025 | D:3      | Found a burning altar of Makhleb.
  2025 | D:3      | Noticed a balrug
  2326 | D:3      | Found a shadowy altar of Dithmenos.
  2382 | D:3      | Reached skill level 4 in Long Blades
  2393 | D:3      | Reached XP level 5. HP: 29/32 MP: 5/5
  2557 | D:4      | Found a bloodstained altar of Trog.
  2558 | D:4      | Noticed an eye of draining
  2558 | D:4      | Noticed an eye of draining
  2573 | D:4      | Killed an eye of draining
  2573 | D:4      | Reached *** piety under Trog
  2573 | D:4      | Reached XP level 6. HP: 37/37 MP: 0/6
  2590 | D:4      | Killed an eye of draining
  2834 | D:4      | Reached skill level 5 in Long Blades
  2846 | D:4      | Reached XP level 7. HP: 41/41 MP: 7/7
  3036 | D:4      | Found a glowing golden altar of the Shining One.
  3289 | D:5      | Entered Level 5 of the Dungeon
  3590 | D:5      | Found a shattered altar of Ashenzari.
  3632 | D:5      | Reached **** piety under Trog
  3859 | D:5      | Reached skill level 6 in Long Blades
  3919 | D:5      | Reached skill level 5 in Armour
  4011 | D:5      | Found an ancient bone altar of Kikubaaqudgha.
  4293 | D:5      | Found a runed translucent door.
  4294 | D:5      | Noticed Crazy Yiuf
  4420 | D:5      | Killed Crazy Yiuf
  4547 | D:6      | Found a blossoming altar of Fedhas.
  4693 | D:6      | Reached XP level 8. HP: 39/46 MP: 8/8
  5269 | D:6      | Reached skill level 7 in Long Blades
  5760 | D:7      | Found a glowing silver altar of Zin.
  5902 | D:7      | Reached XP level 9. HP: 49/51 MP: 9/9
  6061 | D:7      | Reached skill level 8 in Long Blades
  6061 | D:7      | Reached skill level 5 in Dodging
  6209 | D:7      | Found a staircase to the Ecumenical Temple.
  6292 | D:7      | Found a sacrificial altar of Ru.
  6400 | D:8      | Reached ***** piety under Trog
  6400 | D:8      | Received a gift from Trog
  6850 | D:8      | Found a hazy altar of Hepliaklqana.
  7196 | D:9      | Reached skill level 9 in Long Blades
  7589 | D:9      | Noticed Maurice
  7598 | D:9      | Paralysed by something for 4 turns
  7713 | D:9      | Reached XP level 10. HP: 56/56 MP: 10/10
  8002 | D:9      | Killed Maurice
  8002 | D:9      | Received a gift from Trog
  8053 | D:9      | Found a basalt altar of Yredelemnul.
  8208 | D:10     | Entered Level 10 of the Dungeon
  8317 | D:10     | Reached skill level 10 in Long Blades
  8781 | D:10     | HP: 1/56 [iguana (2)]
  9115 | D:10     | Noticed Grum
  9126 | D:10     | Killed Grum
  9474 | D:11     | Found a staircase to the Lair.
  9567 | D:11     | Killed an unseen horror
  9567 | D:11     | Reached skill level 11 in Long Blades
  9567 | D:11     | Reached XP level 11. HP: 6/60 MP: 3/11
  9647 | D:11     | Noticed a seven-headed hydra
  9655 | D:11     | HP: 1/60 [eight-headed hydra (9)]
  9655 | D:11     | Mangled by an eight-headed hydra

Levels and vault maps discovered:
D:1:      psy_arrival_radial01, layout_basic, serial_bayou_lagoon_a,
          minmay_pentomino_x4
D:2:      layout_basic
D:3:      layout_rooms, lemuel_round_altar, nicolae_overflow_crystal_walls,
          first_ration, makhleb_altar_promises_db
D:4:      layout_rooms, trog_eyes_of_draining, nicolae_tso_swordbearing_angel
D:5:      layout_loops_ring, nicolae_overflow_hidden_temple,
          grunt_decor_resistance, minmay_misc_feat_x, evilmike_ruin_ashenzari,
          uniq_crazy_yiuf_cottage
D:6:      layout_gridville, kennysheep_little_box, minmay_misc_feat_doors,
          corexii_hall_statues_deadend
D:7:      layout_cave_pools, lemuel_round_altar, lemuel_crystal_altar,
          minmay_temple_entry_grid, the_bakery
D:8:      layout_loops_ring, old_standard_altar, chequers_serial_rivers_micro_a
D:9:      layout_loops_ring, lemuel_zombie_altar_yredelemnul, uniq_maurice
D:10:     minmay_inner_zag, layout_basic, minivault_23, uniq_grum
D:11:     layout_long_grid, erik_lair_orcish_takeover, minmay_misc_feat_room

Skill      XL: |  1  2  3  4  5  6  7  8  9 10 |
---------------+-------------------------------+-----
Long Blades    | 3 4 5 6 7 9 11 | 11.0
Dodging        | 2 3 4 5 7 |  7.1
Armour         | 3 4 5 6 7 9 |  9.4
Fighting       | |  3.2

Action                   |  1- 3 |  4- 6 |  7- 9 | 10-12 || total
-------------------------+-------+-------+-------+-------++-------
Melee: Falchion          |    86 |   140 |   381 |       ||   607
       Long sword        |       |       |   103 |    37 ||   140
       Great sword       |       |       |    12 |       ||    12
       Double sword      |       |       |       |   121 ||   121
Invok: Berserk           |     1 |     2 |     8 |     4 ||    15
Evoke: Wand              |       |       |     4 |     5 ||     9
  Use: Scroll            |     3 |       |     3 |     6 ||    12
       Potion            |       |       |       |     4 ||     4
 Stab: Sleeping          |       |       |     1 |       ||     1
  Eat: Chunk             |     4 |     4 |    24 |     5 ||    37
       Ration            |       |       |       |     2 ||     2
Armor: Animal skin       |    40 |    46 |    71 |       ||   157
       Ring mail         |       |       |   154 |   141 ||   295
Dodge: Dodged            |    65 |    88 |   312 |   162 ||   627
       Rpst.: Falchion   |    19 |    28 |    77 |       ||   124
       Long sword        |       |       |    17 |     2 ||    19
       Double sword      |       |       |       |    35 ||    35

Table legend:
 A = Non-vault XP
 B = Vault XP
 C = Vault XP percentage of total XP
 D = Non-vault monster count
 E = Vault monster count
 F = Vault count percentage of total count
                 A         B        C        D         E       F
            +---------+---------+-------+---------+---------+-------
      Total |    7283 |    2578 |  26.1 |     185 |      27 |  12.7
            +---------+---------+-------+---------+---------+-------
        D:1 |      14 |       8 |  36.4 |       8 |       3 |  27.3
        D:2 |      64 |       0 |   0.0 |      19 |       0 |   0.0
        D:3 |      95 |       0 |   0.0 |      24 |       0 |   0.0
        D:4 |     293 |     247 |  45.7 |      15 |       4 |  21.1
        D:5 |     329 |      41 |  11.1 |      25 |       1 |   3.8
        D:6 |     851 |       0 |   0.0 |      19 |       0 |   0.0
        D:7 |     556 |     224 |  28.7 |      14 |       1 |   6.7
        D:8 |    1017 |       0 |   0.0 |      19 |       0 |   0.0
        D:9 |    1876 |     484 |  20.5 |      25 |       3 |  10.7
       D:10 |     851 |     946 |  52.6 |      10 |       7 |  41.2
       D:11 |    1337 |     628 |  32.0 |       7 |       8 |  53.3
            +---------+---------+-------+---------+---------+-------
